 Dungeon Crawl Stone Soup version 0.14-a0-1097-gc7db7fc (webtiles) character file.

1221 Daniel the Basher (level 8, -6/56 HPs)
             Began as a Minotaur Chaos Knight on Nov 28, 2013.
             Was a Plaything of Xom.
             Mangled by a deep elf priest
             ... wielding a +1,+0 elven long sword
              (8 damage)
             ... in a bailey.
             The game lasted 00:17:46 (2854 turns).

Daniel the Basher (Minotaur Chaos Knight)           Turns: 2854, Time: 00:17:46

HP  -6/56        AC 15     Str 19      XL: 8   Next: 20%
MP   2/2         EV  9     Int  9      God: Xom
Gold 24          SH  0     Dex 17      Spells:  0 memorised,  7 levels left

rFire  . . .     SeeInvis .     a - +0 mace (chaos)
rCold  . . .     Clarity  .     q - +1 scale mail
rNeg   . . .     Conserve .     (no shield)
rPois  .         rCorr    .     (helmet restricted)
rElec  .         rRot     .     B - +0 elf cloak
SustAb . .       Spirit   .     p - +0 pair of gloves
rMut   .         Warding  .     (no boots)
Saprov . . .     Stasis   .     r - amulet of faith
                                A - +4 ring of protection
                                y - +5 ring of dexterity

@: very slightly contaminated, hasted, very quick, slightly resistant to hostile
enchantments, extremely unstealthy
A: retaliatory headbutt, horns 2, agile 1, frail 1, low mp 1
a: Renounce Religion


You were in a bailey.
You worshipped Xom.
You were a plaything of Xom.
You were not hungry.

You visited 1 branch of the dungeon, and saw 7 of its levels.
You also visited: Bailey.

You collected 126 gold pieces.
You spent 102 gold pieces at shops.

Inventory:

Hand weapons
 a - a +0,+0 mace of chaos (weapon)
 h - a +0,+0 spear
 s - a +4,+1 spear
 u - a +0,+0 spear
 D - a +2 orcish blowgun
 F - the +12,+10 sword of Jihad {holy, *Rage rN+ MR EV+3 Stlth-}
   (You found it on level 7 of the Dungeon)

   It has been blessed by the Shining One to cause great damage to the undead
   and demons.
   It affects your evasion (+3).
   It protects you from negative energy.
   It affects your resistance to hostile enchantments.
   It makes you angry.
   It makes you much less stealthy.
Missiles
 m - 3 poisoned darts
 w - 7 darts of frost
 x - 2 tomahawks (quivered)
 C - 10 poisoned needles
Armour
 b - a +2 leather armour
 p - a +0 pair of gloves (worn)
 q - a +1 scale mail (worn)
 B - a +0 elven cloak (worn)
Comestibles
 c - 2 bread rations
 f - 2 meat rations
 K - a chunk of goblin flesh
Scrolls
 e - a scroll of blinking {unknown}
 g - a scroll of recharging {unknown}
 i - 3 scrolls of remove curse
 k - a scroll of random uselessness {unknown}
 o - 3 scrolls of teleportation {unknown}
 t - 2 scrolls of enchant weapon II {unknown}
 v - a scroll of amnesia {unknown}
Jewellery
 r - an amulet of faith (around neck)
 y - a +5 ring of dexterity (left hand)
 A - a +4 ring of protection (right hand)
Potions
 j - a potion of cure mutation
 l - 2 potions of lignification
 n - a potion of brilliance
 H - a potion of poison
 I - a potion of paralysis
 J - a potion of confusion


   Skills:
 - Level 3.7 Fighting
 + Level 2.7 Long Blades
 - Level 9.5 Maces & Flails
 + Level 7.5 Armour
 - Level 1.1 Dodging


You had 7 spell levels left.
You didn't know any spells.

Dungeon Overview and Level Annotations

Branches:
Dungeon (8/16)
 Temple: D:4-7         Lair: D:8-11

Altars:
Makhleb

Shops:
D:4 !   D:7 !

Annotations:
D:5 Pikel
D:7 4tharraofdagon's ghost, average LOFi


Innate Abilities, Weirdness & Mutations

You reflexively headbutt those who attack you in melee.
You have a pair of horns on your head.
You are agile. (Dex +2)
You are frail (-10% HP).
Your magical capacity is low (-10% MP).


Message History

The deep elf priest is heavily wounded.
The deep elf priest hits you but does no damage.
Drink which item? (? for menu, Esc to quit)
You feel better.
The deep elf priest hits you with an elven long sword.
* * * LOW HITPOINT WARNING * * *
You sock the deep elf priest!
The deep elf priest is moving more slowly.
The deep elf priest is severely wounded.
Unknown command.
You sock the deep elf priest! You freeze the deep elf priest.
The deep elf priest is almost dead.
The deep elf priest hits you with an elven long sword!
* * * LOW HITPOINT WARNING * * *
You hit the deep elf priest but do no damage.
The deep elf priest is poisoned.
The deep elf priest jerks violently for a moment.
The deep elf priest is almost dead.
The deep elf priest hits you with an elven long sword!
You die...

▒▒▒▒▒
▒▒▒▒▒▒∙∙∙▒▒
▒▒∙∙▒▒∙∙∩∙∙▒
▒∙∙∙∙▒∙∙∙∙∙▒
▒∙∙∙@▒▒∙∙∙▒▒
▒▒∙e▒▒'▒▒▒▒
▒▒▒)∙∙▒▒
▒∙∙∙∙∙▒
▒∙∙∩∙∙▒
▒∙∙∙∙∙▒
▒▒∙∙∙e▒
▒▒▒▒▒e▒ ▒∙∙


You could see a deep elf priest (berserk).

Vanquished Creatures
  Grinder (D:3)
  A deep elf fighter (Bailey)
  A sky beast (D:4)
  An ice beast (D:7)
  A yellow wasp (D:4)
  A centaur (D:5)
  A water moccasin (D:8)
  A hound (D:3)
  An orc priest (D:4)
  An orc wizard (D:4)
  A scorpion (D:7)
  A worker ant (D:7)
  Terence (D:3)
  6 adders
  3 gnolls (D:3)
  A worm zombie (D:7)
  3 worms
  An ooze (D:3)
  8 orcs
  A giant cockroach (D:2)
  10 goblins
  11 hobgoblins
  9 jackals
  A quokka (D:2)
  14 bats
  A giant gecko (D:2)
  A giant newt (D:1)
  8 kobolds
  4 rats (D:2)
95 creatures vanquished.

Vanquished Creatures (collateral kills)
  A hill giant zombie (D:8)
  A crimson imp (D:8)
  A jackal (D:8)
  A kobold (D:4)
4 creatures vanquished.

Vanquished Creatures (others)
  An iron imp (D:8)
  A quasit (D:4)
  An ufetubus (D:8)
  An orc (D:4)
4 creatures vanquished.

Grand Total: 103 creatures vanquished

Notes
Turn   | Place    | Note
--------------------------------------------------------------
     0 | D:1      | Daniel, the Minotaur Chaos Knight, began the quest for the Orb.
     0 | D:1      | Reached XP level 1. HP: 17/17 MP: 1/1
   198 | D:1      | Reached skill level 4 in Maces & Flails
   241 | D:1      | XOM: harmless Necr miscast
   294 | D:1      | Reached XP level 2. HP: 22/24 MP: 1/1
   514 | D:1      | XOM: harmless Chrm miscast
   648 | D:2      | XOM: divination: detect items
   721 | D:2      | Reached XP level 3. HP: 25/30 MP: 2/2
   807 | D:2      | Reached skill level 5 in Maces & Flails
   829 | D:2      | XOM: cast spell 'Metabolic Englaciation'
  1082 | D:3      | Noticed Terence
  1244 | D:3      | XOM: potion effect (curing)
  1258 | D:3      | Killed Terence
  1258 | D:3      | Reached XP level 4. HP: 13/37 MP: 2/2
  1334 | D:3      | XOM: silly message
  1343 | D:3      | Noticed Grinder
  1343 | D:3      | XOM: potion effect (curing)
  1359 | D:3      | XOM: harmless Ice miscast
  1361 | D:3      | XOM: potion effect (curing)
  1370 | D:3      | Killed Grinder
  1370 | D:3      | Reached skill level 7 in Maces & Flails
  1370 | D:3      | Reached XP level 5. HP: 39/44 MP: 2/2
  1370 | D:3      | Reached XP level 6. HP: 44/50 MP: 3/3
  1441 | D:3      | XOM: confuse monster(s)
  1478 | D:3      | XOM: confusion
  1525 | D:3      | XOM: enchant monster (good)
  1534 | D:3      | Reached skill level 5 in Armour
  1607 | D:3      | XOM: 1-stop teleportation journey
  1758 | D:4      | XOM: summons friendly quasit
  1803 | D:4      | Paralysed by a yellow wasp for 2 turns
  1822 | D:4      | XOM: noise
  1824 | D:4      | Reached skill level 8 in Maces & Flails
  1824 | D:4      | Reached XP level 7. HP: 27/57 MP: 3/3
  2193 | D:4      | XOM: noise
  2274 | D:4      | XOM: inner flame monster(s)
  2275 | D:4      | XOM: potion effect (might)
  2341 | D:4      | XOM: harmless Divn miscast
  2385 | D:4      | Found Waafat's Distillery.
  2391 | D:4      | Bought a potion of speed for 66 gold pieces
  2391 | D:4      | Bought a potion of poison for 12 gold pieces
  2391 | D:4      | Bought a potion of paralysis for 12 gold pieces
  2391 | D:4      | Bought a potion of confusion for 12 gold pieces
  2404 | D:4      | XOM: mild Tloc miscast
  2432 | D:5      | Entered Level 5 of the Dungeon
  2433 | D:5      | Noticed Pikel
  2440 | D:5      | XOM: confuse monster(s)
  2442 | D:5      | XOM: cast spell 'Cause Fear'
  2464 | D:5      | XOM: confusion
  2468 | D:5      | You fall through a shaft for 3 floors!
  2471 | D:8      | Found a burning altar of Makhleb.
  2480 | D:8      | XOM: enchant monster (bad)
  2504 | D:8      | XOM: summons 4 friendly demons
  2508 | D:8      | Reached skill level 9 in Maces & Flails
  2551 | D:7      | Gained mutation: You are agile. (Dex +2) [potion of mutation]
  2551 | D:7      | Gained mutation: Your magical capacity is low (-10% MP). [potion of mutation]
  2551 | D:7      | Gained mutation: You are frail (-10% HP). [potion of mutation]
  2600 | D:7      | Found Klougg's Distillery.
  2612 | D:7      | Reached skill level 1 in Long Blades
  2612 | D:7      | Reached XP level 8. HP: 56/56 MP: 2/2
  2628 | D:7      | Noticed 4tharraofdagon's ghost (average LOFi)
  2635 | D:7      | XOM: confuse monster(s)
  2681 | D:7      | Found a flagged portal.
  2706 | D:7      | XOM: harmless Chrm miscast
  2707 | Bailey   | Entered a bailey
  2831 | Bailey   | Noticed a deep elf priest
  2836 | Bailey   | Noticed a deep elf priest
  2838 | Bailey   | Noticed a deep elf priest
  2853 | Bailey   | HP: 2/56 [deep elf priest/elven long sword (8)]
  2854 | Bailey   | Mangled by a deep elf priest

Action                   |  1- 3 |  4- 6 |  7- 9 || total
-------------------------+-------+-------+-------++-------
Melee: Mace              |    99 |    86 |   103 ||   288
Throw: Dart              |       |     3 |       ||     3
       Tomahawk          |       |     1 |       ||     1
  Use: Scroll            |       |     2 |     4 ||     6
       Potion            |       |       |     6 ||     6
 Stab: Paralysed         |     1 |       |       ||     1
       Distracted        |       |       |     2 ||     2
